[Event "Titled Tuesday Blitz March 29 Late 2022"]
[White "Hambleton, Aman"]
[Black "Reprintsev, Alexander"]
[WhiteFideId "2606577"]
[BlackFideId "14100541"]
[WhiteElo "2552"]
[BlackElo "2108"]
[Result "1-0"]
[Round "11"]
[TimeControl "180+1"]
[Date "2022.03.29"]
[WhiteClock "0:00:05"]
[BlackClock "0:00:01"]

1. d4 d5 2. Bf4 Nf6 3. e3 c5 4. c3 Qb6 5. Qb3 c4 6. Qc2 g6 7. b3 Bf5 8. Qb2 Nc6 9. Nd2 Bg7 10. Ngf3 O-O 11. Be2 Nh5 12. Bg3 Nxg3 13. hxg3 e5 14. dxe5 Nxe5 15. Nxe5 Bxe5 16. Nf3 Bf6 17. O-O Rac8 18. Rac1 Bg4 19. Rfd1 Rfd8 20. Kf1 a5 21. Nd4 Bd7 22. Rb1 cxb3 23. Qxb3 Qxb3 24. Nxb3 Bxc3 25. Rxd5 Be6 26. Rxd8+ Rxd8 27. a4 Bb4 28. Nd4 Bd7 29. Bb5 Bxb5+ 30. Nxb5 Rd2 31. Rc1 Ra2 32. Rc8+ Kg7 33. Rc7 Rxa4 34. Rxb7 Ra1+ 35. Ke2 Ra2+ 36. Kf1 a4 37. Nd4 Bc3 38. Ra7 a3 39. g4 h6 40. g3 Kf6 41. Nb5 Bb4 42. Ra4 Ra1+ 43. Ke2 a2 44. Kf3 Be1 45. Nd6 Rd1 46. Ne4+ Ke5 47. Rxa2 f5 48. gxf5 gxf5 49. Nc5 h5 50. Nb3 Rb1 51. Nd4 Bc3 52. Ne2 Be1 53. Nf4 h4 54. Ng6+ Kf6 55. Nxh4 Kg5 56. Ng2 Bc3 57. Rc2 Rb3 58. Nf4 Bb4 59. Ra2 Bc3 60. Nd5 Be5 61. Ra5 Bb2 62. Nf4 Kf6 63. Nh5+ Kg6 64. Nf4+ Kf6 65. Rc5 Kf7 66. Rc6 Be5 67. Rc5 Kf6 68. Nd5+ Ke6 69. Nf4+ Kf6 70. Rc4 Bc3 71. Ne2 Bd2 72. Nd4 Rb2 73. Rc6+ Kg5 74. Rc5 Be1 75. Rxf5+ Kh6 76. Kg2 Rd2 77. Rf3 Ra2 78. Nf5+ Kg5 79. Nh4 Kh5 80. Kf1 Bd2 81. Ng2 Bc1 82. Rf4 Kg5 83. Ne1 Bd2 84. Nf3+ Kg6 85. Nxd2 Rxd2 86. Kg2 1-0


[Site "https://www.chess.com"]

[Event "Titled Tuesday Blitz March 29 Late 2022"]
[White "Harish, Neeraj"]
[Black "Van den Dikkenberg, Erik"]
[WhiteFideId "30958130"]
[BlackFideId "1005880"]
[WhiteElo "1574"]
[BlackElo "2118"]
[Result "0-1"]
[Round "11"]
[TimeControl "180+1"]
[Date "2022.03.30"]
[WhiteClock "0:00:18"]
[BlackClock "0:00:18"]

1. e4 c5 2. Nf3 d6 3. d4 cxd4 4. Nxd4 Nf6 5. Nc3 a6 6. Be3 Ng4 7. Bg5 h6 8. Bh4 g5 9. Bg3 Bg7 10. h3 Ne5 11. Qd2 Nbc6 12. O-O-O Be6 13. Nd5 O-O 14. h4 g4 15. Nxe6 fxe6 16. Nf4 Qd7 17. Be2 Rac8 18. f3 b5 19. fxg4 Nc4 20. Bxc4 bxc4 21. c3 Ne5 22. g5 Rb8 23. Qe2 Qb5 24. Nxe6 Nd3+ 25. Rxd3 cxd3 26. Qd2 Bxc3 27. Qxc3 Rfc8 28. Nc7 Rxc7 29. Qxc7 Qxb2+ 30. Kd1 Qe2+ 31. Kc1 d2+ 32. Kc2 d1=Q+ 0-1


[Site "https://www.chess.com"]

[Event "Titled Tuesday Blitz March 29 Late 2022"]
[White "Hess, Robert"]
[Black "Kalavannan, Koby"]
[WhiteFideId "2022036"]
[BlackFideId "425753"]
[WhiteElo "2557"]
[BlackElo "1927"]
[Result "1-0"]
[Round "11"]
[TimeControl "180+1"]
[Date "2022.03.29"]
[WhiteClock "0:00:16"]
[BlackClock "0:00:06"]

1. b3 d5 2. Bb2 c5 3. d3 Nc6 4. Nd2 Bg4 5. h3 Bh5 6. g4 Bg6 7. Ngf3 Qc7 8. Bg2 e5 9. Nh4 O-O-O 10. c4 Nge7 11. cxd5 Nxd5 12. Rc1 Nf4 13. Be4 Be7 14. Nf5 Bxf5 15. gxf5 Rhe8 16. a3 f6 17. Kf1 g6 18. Nf3 Qd7 19. Nh4 Kb8 20. fxg6 f5 21. Nxf5 Bg5 22. gxh7 Rf8 23. h8=Q Rxh8 24. Rxc5 Nd4 25. Nxd4 exd4 26. Rxg5 Rxh3 27. Rgg1 Rf8 28. Qd2 Nh5 29. Ke1 Qf7 30. Bxd4 Rxh1 31. Rxh1 Nf4 32. Be5+ Ka8 33. Qxf4 Qxb3 34. Qxf8# 1-0


[Site "https://www.chess.com"]

[Event "Titled Tuesday Blitz March 29 Late 2022"]
[White "Hjartarson, Johann"]
[Black "Shimanov, Aleksandr"]
[WhiteFideId "2300044"]
[BlackFideId "4198603"]
[WhiteElo "2450"]
[BlackElo "2636"]
[Result "1-0"]
[Round "11"]
[TimeControl "180+1"]
[Date "2022.03.29"]
[WhiteClock "0:02:01"]
[BlackClock "0:01:55"]

1. e4 e6 2. d4 d5 3. e5 c5 4. c3 Qa5 5. Nf3 Nc6 6. Nbd2 cxd4 7. cxd4 Nge7 8. Bd3 Nf5 9. Bxf5 exf5 10. O-O h6 11. h4 g6 12. Nb3 Qd8 13. Bf4 Qb6 14. Rc1 Nd8 15. Qd2 Ne6 16. g3 Bd7 17. Nc5 Nxd4 18. Qxd4 1-0


[Site "https://www.chess.com"]

[Event "Titled Tuesday Blitz March 29 Late 2022"]
[White "Holt, Conrad"]
[Black "Rozman, Levy"]
[WhiteFideId "2034387"]
[BlackFideId "2039877"]
[WhiteElo "2586"]
[BlackElo "2376"]
[Result "0-1"]
[Round "11"]
[TimeControl "180+1"]
[Date "2022.03.29"]
[WhiteClock "0:00:03"]
[BlackClock "0:00:02"]

1. d4 d5 2. c4 dxc4 3. e3 e5 4. Bxc4 Nc6 5. Nf3 e4 6. Nfd2 Qg5 7. g3 Nf6 8. Nc3 Bb4 9. O-O Bxc3 10. bxc3 O-O 11. Rb1 a6 12. Kg2 b5 13. Be2 Qh6 14. h4 Qg6 15. h5 Qg5 16. Rh1 Re8 17. h6 Bg4 18. hxg7 Qf5 19. c4 Nxd4 20. exd4 e3 21. Bxg4 Qxf2+ 22. Kh3 exd2 23. Qxd2 Nxg4 24. Kxg4 Re2 25. Qd3 f5+ 26. Qxf5 Qxd4+ 27. Bf4 Qxg7+ 28. Kh3 Rf8 29. Qh5 Re6 30. Qg4 Rg6 31. Kh4 Rxg4+ 32. Kh3 Rfxf4 0-1


[Site "https://www.chess.com"]

[Event "Titled Tuesday Blitz March 29 Late 2022"]
[White "Indjic, Aleksandar"]
[Black "Yuan, Qingyu"]
[WhiteFideId "911925"]
[BlackFideId "8609772"]
[WhiteElo "2616"]
[BlackElo "2359"]
[Result "0-1"]
[Round "11"]
[TimeControl "180+1"]
[Date "2022.03.29"]
[WhiteClock "0:00:03"]
[BlackClock "0:00:04"]

1. d4 d5 2. c4 e6 3. Nf3 Nf6 4. Bg5 dxc4 5. Qa4+ Nbd7 6. e4 Be7 7. Nc3 h6 8. Bxf6 Bxf6 9. e5 Be7 10. Bxc4 O-O 11. Qc2 c5 12. Rd1 cxd4 13. Rxd4 Qa5 14. Qe4 Nc5 15. Qe2 Bd7 16. O-O Bc6 17. Rg4 Rad8 18. a3 Qb6 19. h4 Kh8 20. h5 Qc7 21. Nd4 a6 22. Nxc6 Qxc6 23. Qe3 b5 24. Be2 Rd7 25. Qg3 Rg8 26. Kh2 Qc7 27. f4 Nb3 28. Bd3 Nc5 29. Bb1 Rd2 30. b4 Nd7 31. Ne4 Rb2 32. Qd3 Nf8 33. Kh1 Qc4 34. Qf3 Rb3 35. Qd1 Rxa3 36. Ng3 Ra1 37. f5 Rxb1 38. Qf3 Rxf1+ 39. Nxf1 Qc6 40. Qxc6 exf5 41. Rf4 Ne6 42. Rf2 Bxb4 43. Qd7 Rf8 44. Ne3 f4 45. Nf5 Bc5 46. Rf3 Rd8 0-1


[Site "https://www.chess.com"]

[Event "Titled Tuesday Blitz March 29 Late 2022"]
[White "Jaferian, Koosha"]
[Black "Cervantes Landeiro, Thalia"]
[WhiteFideId "12507440"]
[BlackFideId "3520498"]
[WhiteElo "2030"]
[BlackElo "2021"]
[Result "1-0"]
[Round "11"]
[TimeControl "180+1"]
[Date "2022.03.29"]
[WhiteClock "0:00:07"]
[BlackClock "0:00:04"]

1. Nf3 d5 2. b3 Nf6 3. Bb2 g6 4. c4 Bg7 5. g3 O-O 6. Bg2 c6 7. d4 Ne4 8. O-O Nd7 9. e3 Ndf6 10. Nbd2 Bf5 11. Qe2 Qd7 12. Ne5 Qe6 13. f3 Nxd2 14. Qxd2 h5 15. Rae1 Bh3 16. Qc2 Bxg2 17. Kxg2 Nd7 18. Nd3 Nf6 19. Nf4 Qd7 20. Rd1 Rac8 21. Rfe1 Rfd8 22. Nd3 b6 23. Qf2 Qf5 24. Ne5 Nd7 25. Nxd7 Rxd7 26. Rd2 e5 27. dxe5 Bxe5 28. cxd5 cxd5 29. Bxe5 Qxe5 30. Red1 Rcd8 31. Rd4 Re7 32. R1d3 Red7 33. Qd2 f5 34. e4 fxe4 35. fxe4 h4 36. exd5 Qf5 37. Rxh4 Rxd5 38. Rxd5 Rxd5 39. Qe2 Re5 40. Qf2 Qe6 41. Qf4 Re2+ 42. Kf3 Re1 43. Qb8+ Qe8 44. Qxe8+ Rxe8 45. Re4 Rf8+ 46. Ke3 Rf7 47. h4 Kg7 48. g4 Rc7 49. Rd4 Kf6 50. Kf4 Rc1 51. Rd6+ Ke7 52. Rxg6 Rf1+ 53. Kg5 Ra1 54. Rg7+ Ke6 55. Rxa7 b5 56. h5 Kd5 57. h6 Rh1 58. h7 Kc5 59. Kg6 Kb4 60. Kg7 Kc3 61. h8=Q b4 62. Qxh1 1-0


[Site "https://www.chess.com"]

[Event "Titled Tuesday Blitz March 29 Late 2022"]
[White "Janaszak, Dawid"]
[Black "Toncheva, Nadya"]
[WhiteFideId "1119206"]
[BlackFideId "2924056"]
[WhiteElo "2199"]
[BlackElo "1884"]
[Result "1-0"]
[Round "11"]
[TimeControl "180+1"]
[Date "2022.03.30"]
[WhiteClock "0:00:52"]
[BlackClock "0:00:02"]

1. d4 Nf6 2. c4 e6 3. g4 c5 4. g5 Ng8 5. d5 exd5 6. cxd5 d6 7. Nc3 Be7 8. Nf3 Bg4 9. Rg1 Bxf3 10. exf3 Nd7 11. f4 g6 12. Bd2 h6 13. h4 hxg5 14. hxg5 a6 15. a4 Bf8 16. Qb3 Bg7 17. Ne4 Qe7 18. O-O-O O-O-O 19. Re1 Qf8 20. a5 Kc7 21. Bh3 f5 22. gxf6 Bxf6 23. Be6 Bd4 24. Rxg6 Ne7 25. Rg4 Rh2 26. Ng5 Bf6 27. Nf7 Rb8 28. f5 Ne5 29. Rf4 Nxf7 30. Qb6# 1-0


[Site "https://www.chess.com"]

[Event "Titled Tuesday Blitz March 29 Late 2022"]
[White "Jarocka, Liwia"]
[Black "Romanchuk, Viktor"]
[WhiteFideId "21807558"]
[BlackFideId "14109271"]
[WhiteElo "1896"]
[BlackElo "2242"]
[Result "0-1"]
[Round "11"]
[TimeControl "180+1"]
[Date "2022.03.29"]
[WhiteClock "0:01:07"]
[BlackClock "0:00:47"]

1. e4 e6 2. d4 d5 3. e5 c5 4. c3 Nc6 5. Nf3 Bd7 6. Be2 f6 7. exf6 Nxf6 8. O-O Qb6 9. Nbd2 cxd4 10. Nb3 dxc3 11. bxc3 Bd6 12. c4 O-O 13. Bb2 Qc7 14. Bxf6 Rxf6 15. cxd5 exd5 16. Qxd5+ Be6 17. Qd2 Rd8 18. Qc2 Nb4 19. Qxc7 Bxc7 20. Nc5 Bc8 21. a3 Nd5 22. Rac1 Bb6 23. Rfd1 Kf8 24. Nd4 Nf4 25. Bf3 Rfd6 26. Ndb3 Rxd1+ 27. Rxd1 Rxd1+ 28. Bxd1 Ke7 29. g3 Ne6 30. Nd3 Nd4 31. Nxd4 Bxd4 32. Kf1 Kd6 33. Bf3 b5 34. Ke2 Be6 35. Kd2 Bc4 36. Be4 h6 37. f4 Bg1 38. Ne5 Bxh2 39. Ke3 Bxg3 40. Nf3 Kc5 41. Nd4 Bf2+ 0-1


[Site "https://www.chess.com"]

[Event "Titled Tuesday Blitz March 29 Late 2022"]
[White "Kosakowski, Jakub"]
[Black "Rustemov, Alexander"]
[WhiteFideId "1185080"]
[BlackFideId "4119002"]
[WhiteElo "2476"]
[BlackElo "2778"]
[Result "1-0"]
[Round "11"]
[TimeControl "180+1"]
[Date "2022.03.29"]
[WhiteClock "0:00:43"]
[BlackClock "0:00:25"]

1. d4 d5 2. c4 dxc4 3. e3 Nf6 4. Bxc4 e6 5. Nf3 a6 6. O-O b5 7. Be2 Bb7 8. a4 c6 9. Nbd2 Be7 10. b3 O-O 11. Bb2 Nbd7 12. Qc2 Rc8 13. Rfd1 Qb6 14. Ne5 Rfd8 15. Bf3 c5 16. Bxb7 Qxb7 17. Nxd7 Rxd7 18. axb5 axb5 19. Rac1 Rdc7 20. dxc5 Rxc5 21. Qd3 Rd8 22. Qe2 Rxc1 23. Rxc1 Qd5 24. Nf3 Qxb3 25. Nd4 Qd5 26. Nc6 Re8 27. e4 Qa2 28. Nxe7+ Rxe7 29. Bxf6 Rc7 30. Rxc7 1-0


[Site "https://www.chess.com"]

[Event "Titled Tuesday Blitz March 29 Late 2022"]
[White "Koutlas, Nikolaos"]
[Black "Tanenbaum, Zachary"]
[WhiteFideId "25827138"]
[BlackFideId "2060850"]
[WhiteElo "1610"]
[BlackElo "2168"]
[Result "0-1"]
[Round "11"]
[TimeControl "180+1"]
[Date "2022.03.29"]
[WhiteClock "0:00:41"]
[BlackClock "0:01:02"]

1. Nf3 d5 2. g3 Nf6 3. Bg2 c6 4. O-O Bf5 5. c4 dxc4 6. Na3 b5 7. b3 cxb3 8. axb3 e6 9. Ne5 Be4 10. Bxe4 Nxe4 11. Qc2 Qd5 12. Bb2 Bd6 13. d3 Ng5 14. e4 Qc5 15. Qxc5 Bxc5 16. h4 f6 17. hxg5 fxe5 18. Bxe5 O-O 19. d4 Nd7 20. Rfc1 Nxe5 21. Rxc5 Nf3+ 22. Kg2 Nxd4 23. Nc2 Nxb3 0-1


[Site "https://www.chess.com"]

[Event "Titled Tuesday Blitz March 29 Late 2022"]
[White "Kozina, Anastasia"]
[Black "Fathy, Elameir"]
[WhiteFideId "24174017"]
[BlackFideId "10600396"]
[WhiteElo "1993"]
[BlackElo "2311"]
[Result "1/2-1/2"]
[Round "11"]
[TimeControl "180+1"]
[Date "2022.03.30"]
[WhiteClock "0:00:10"]
[BlackClock "0:00:02"]

1. a3 d5 2. b4 Nf6 3. Bb2 Bf5 4. Nf3 e6 5. e3 c6 6. d4 Be7 7. Bd3 O-O 8. O-O Nbd7 9. Nbd2 a5 10. Bc3 a4 11. Re1 b5 12. Nf1 Ne4 13. Bb2 Bd6 14. Ng3 Nxg3 15. hxg3 Nf6 16. Nh4 Bg6 17. Nxg6 hxg6 18. e4 dxe4 19. Bxe4 Nd5 20. Qf3 Qf6 21. Rac1 Qxf3 22. Bxf3 Rac8 23. c4 Ne7 24. Rc2 g5 25. Rec1 f5 26. cxb5 cxb5 27. Rxc8 Rxc8 28. Rxc8+ Nxc8 29. Bc6 Na7 30. Bb7 Kf7 31. Kf1 Ke7 32. d5 e5 33. f4 gxf4 34. gxf4 Kf6 35. Ke2 g5 36. fxe5+ Bxe5 37. Bxe5+ Kxe5 38. Ke3 Kd6 39. Kd4 Kc7 40. Bc6 Kd6 41. Be8 Nc8 42. Bxb5 Nb6 43. Bc6 g4 44. Ke3 Nxd5+ 45. Bxd5 Kxd5 46. Kf4 Ke6 47. b5 Kd6 48. Kxf5 Kc5 49. Kxg4 Kxb5 50. Kf4 Kc4 51. Ke3 Kb3 52. Kd3 Kxa3 53. Kc3 Ka2 54. Kc2 a3 55. g4 Ka1 56. g5 a2 57. g6 1/2-1/2


[Site "https://www.chess.com"]

[Event "Titled Tuesday Blitz March 29 Late 2022"]
[White "Kujawski, Adam"]
[Black "Cagara, Paulina"]
[WhiteFideId "1100920"]
[BlackFideId "1124870"]
[WhiteElo "2053"]
[BlackElo "1780"]
[Result "1-0"]
[Round "11"]
[TimeControl "180+1"]
[Date "2022.03.30"]
[WhiteClock "0:00:11"]
[BlackClock "0:00:02"]

1. e4 c6 2. d4 d5 3. Nc3 a6 4. g3 dxe4 5. Nxe4 Bf5 6. Bg2 e6 7. Ne2 Nf6 8. Nxf6+ Qxf6 9. Bf4 Nd7 10. Qd2 h6 11. O-O g5 12. Be3 Bd6 13. c4 Bg4 14. Nc3 Qd8 15. f4 gxf4 16. Bxf4 Qc7 17. Bxd6 Qxd6 18. Ne4 Qe7 19. Qf4 Bh5 20. Nd6+ Kf8 21. Rae1 Qg5 22. Rxe6 Qxf4 23. Rxf4 Kg7 24. Re7 Nf6 25. Rxb7 Rab8 26. Nf5+ Kg6 27. Nh4+ Kg7 28. Bxc6 Rxb7 29. Bxb7 Rb8 30. Bf3 Bxf3 31. Rxf3 Rxb2 32. a3 Rc2 33. c5 Ne4 34. Nf5+ Kh7 35. Nd6 Rc1+ 36. Kg2 Ng5 37. Rf4 Rc2+ 38. Kf1 Kg6 39. Ne4 Ne6 40. Rf2 Rc1+ 41. Kg2 Nxd4 42. Rd2 Nb3 43. Rb2 Nxc5 44. Nxc5 Rxc5 45. Rb6+ f6 46. Rxa6 Rc2+ 47. Kh3 Ra2 48. Ra4 f5 49. g4 fxg4+ 50. Kg3 h5 51. Ra5 Kh6 52. h3 gxh3 53. Kxh3 Kg6 54. Kg3 Kh6 55. Kh4 Kg6 56. Ra6+ Kf5 57. Kxh5 Ke5 58. Kg5 Kd5 59. Kf5 Kc4 60. Ke5 Kb3 61. Rb6+ Kxa3 62. Kd4 Rd2+ 63. Kc3 Ka4 64. Kxd2 1-0


[Site "https://www.chess.com"]

[Event "Titled Tuesday Blitz March 29 Late 2022"]
[White "Le Goff, Ronan"]
[Black "Terrieux, Kevin"]
[WhiteFideId "612073"]
[BlackFideId "622591"]
[WhiteElo "2276"]
[BlackElo "2482"]
[Result "0-1"]
[Round "11"]
[TimeControl "180+1"]
[Date "2022.03.29"]
[WhiteClock "0:00:01"]
[BlackClock "0:00:05"]

1. d4 Nf6 2. Nf3 d5 3. g3 c5 4. Bg2 cxd4 5. O-O h6 6. b3 Nc6 7. Nxd4 e6 8. Bb2 Be7 9. c4 O-O 10. Nd2 Bd7 11. Rc1 Rc8 12. N2f3 Qb6 13. cxd5 Nxd5 14. Nxc6 Bxc6 15. Ne5 Bf6 16. e4 Nb4 17. Nxc6 Nxc6 18. Bxf6 gxf6 19. Qg4+ Kh7 20. Qf4 Qd4 21. Rfd1 Qe5 22. Rd7 Qxf4 23. gxf4 Rb8 24. e5 fxe5 25. Bxc6 bxc6 26. fxe5 Rb5 27. Rxc6 Rxe5 28. Rxa7 Rf5 29. Rc3 Rd8 30. Rcc7 Kg6 31. Rc3 Rd2 32. Rg3+ Kf6 33. Ra4 Rfxf2 34. Rh4 Rxa2 35. Rxh6+ Ke7 36. Rh7 Rfb2 37. Kh1 Rb1+ 38. Rg1 Rxb3 39. Rf1 Rbb2 40. Rfxf7+ Kd6 41. Rd7+ Ke5 42. Rh5+ Kf6 43. Rd1 e5 44. Rf1+ Ke6 45. Re1 Ra5 46. Rh6+ Kd5 47. Rh5 Kd4 48. Rh4+ Kd3 49. Rh3+ Kd4 50. Rh4+ Kc3 51. Rh5 Rbb5 52. Rg5 Kd2 53. Rf1 e4 0-1


[Site "https://www.chess.com"]

[Event "Titled Tuesday Blitz March 29 Late 2022"]
[White "Lewtak, Damian"]
[Black "Sliwicki, Damian"]
[WhiteFideId "1141724"]
[BlackFideId "1127128"]
[WhiteElo "2362"]
[BlackElo "2067"]
[Result "1-0"]
[Round "11"]
[TimeControl "180+1"]
[Date "2022.03.30"]
[WhiteClock "0:02:02"]
[BlackClock "0:00:02"]

1. a3 e5 2. c4 g6 3. Nc3 Bg7 4. Nf3 Ne7 5. h4 d5 6. cxd5 Nxd5 7. h5 Nc6 8. e4 Nf4 9. hxg6 hxg6 10. Rxh8+ Bxh8 11. d3 Bg4 12. Bxf4 exf4 13. Be2 Qd7 14. Nd5 Bxb2 15. Rb1 Bxa3 16. Rxb7 Bd6 17. Nf6+ Ke7 18. Nxd7 Bxd7 19. d4 a5 20. Kf1 a4 21. e5 Ba3 22. d5 Na5 23. Rxc7 Nb3 24. e6 Nc5 25. d6+ 1-0


[Site "https://www.chess.com"]

[Event "Titled Tuesday Blitz March 29 Late 2022"]
[White "Lin, Dachey"]
[Black "Ibarra Jerez, Jose Carlos"]
[WhiteFideId "2029650"]
[BlackFideId "2226332"]
[WhiteElo "2313"]
[BlackElo "2626"]
[Result "0-1"]
[Round "11"]
[TimeControl "180+1"]
[Date "2022.03.29"]
[WhiteClock "0:00:17"]
[BlackClock "0:00:17"]

1. Nc3 c5 2. e4 a6 3. f4 b5 4. Nf3 Bb7 5. d3 e6 6. g3 d5 7. Bg2 b4 8. Ne2 dxe4 9. Ng5 Nf6 10. Nxe4 Nxe4 11. Bxe4 Bxe4 12. dxe4 Qxd1+ 13. Kxd1 Nd7 14. c3 Nf6 15. e5 O-O-O+ 16. Kc2 Ne4 17. Be3 Be7 18. Rad1 f5 19. Rhe1 a5 20. cxb4 axb4 21. a4 Rd5 22. b3 Rhd8 23. Nc1 Kb7 24. Nd3 Kc6 25. Nb2 Nc3 26. Rd2 Ne4 27. Rdd1 h6 28. Nc4 g5 29. a5 Kb5 30. a6 Rxd1 31. Rxd1 Rxd1 32. Kxd1 Kxa6 33. Ke2 g4 34. Kf1 Kb5 35. Kg2 Kc6 36. Kf1 Nc3 37. Ke1 Kd5 38. Kd2 Ke4 39. Nd6+ Kf3 40. Bxc5 Nd5 41. Nb7 Kg2 42. Bxe7 Nxe7 43. Nd8 Kxh2 44. Nxe6 Kxg3 45. Ke3 h5 46. Nd4 h4 47. Ne2+ Kg2 48. Nc1 h3 0-1


[Site "https://www.chess.com"]

[Event "Titled Tuesday Blitz March 29 Late 2022"]
[White "Martin Duque, Jesus"]
[Black "Korchmar, Vasiliy"]
[WhiteFideId "2208954"]
[BlackFideId "24131750"]
[WhiteElo "2243"]
[BlackElo "2370"]
[Result "0-1"]
[Round "11"]
[TimeControl "180+1"]
[Date "2022.03.29"]
[WhiteClock "0:00:14"]
[BlackClock "0:00:04"]

1. Nf3 d5 2. b3 Bf5 3. Bb2 e6 4. g3 Nf6 5. Bg2 Be7 6. O-O O-O 7. d3 h6 8. Nbd2 Bh7 9. Re1 a5 10. a4 Na6 11. e4 Nb4 12. Re2 c6 13. h4 Qb6 14. e5 Ng4 15. Nd4 Bc5 16. N2f3 Bg6 17. Qd2 Rae8 18. Bh3 h5 19. Qg5 Be7 20. Qf4 f6 21. Bxg4 fxe5 22. Bxe6+ Kh7 23. Qxe5 Bf6 24. Qf4 c5 25. Bf5 Bxd4 26. Rxe8 Rxf5 27. Ng5+ Rxg5 28. Qxg5 Bxb2 29. Rae1 Bf6 30. Qd2 Bxe8 31. Rxe8 Qc6 32. Qe2 Kg6 33. Re6 Qd7 34. f4 Nxc2 35. Rxf6+ gxf6 36. Qxc2 Qg4 37. Kf2 b6 38. d4+ Qf5 39. Qc3 cxd4 40. Qxd4 Qc2+ 41. Kg1 Qb1+ 42. Kh2 Qc2+ 43. Kh3 Qf5+ 44. Kh2 Qc2+ 45. Kh3 Qe4 46. Qd1 d4 47. Kh2 d3 48. Kg1 Qe3+ 49. Kf1 Qxg3 50. Qd2 Qf3+ 51. Ke1 Qe4+ 52. Kd1 Qh1+ 53. Qe1 Qxe1+ 54. Kxe1 Kf5 55. Kd2 Ke4 56. b4 axb4 0-1


[Site "https://www.chess.com"]

[Event "Titled Tuesday Blitz March 29 Late 2022"]
[White "Martinez Alcantara, Jose Eduardo"]
[Black "Rasulov, Vugar"]
[WhiteFideId "3805662"]
[BlackFideId "13402390"]
[WhiteElo "2690"]
[BlackElo "2560"]
[Result "0-1"]
[Round "11"]
[TimeControl "180+1"]
[Date "2022.03.29"]
[WhiteClock "0:00:01"]
[BlackClock "0:00:11"]

1. c4 g6 2. g3 Bg7 3. Bg2 Nf6 4. Nc3 O-O 5. d3 d6 6. e4 c5 7. Nge2 Nc6 8. O-O a6 9. h3 Rb8 10. a4 Nd7 11. Be3 Nd4 12. Rb1 Qa5 13. Nd5 e6 14. Ne7+ Kh8 15. Nxd4 cxd4 16. Bd2 Qd8 17. Nxc8 Rxc8 18. a5 Rb8 19. b4 f5 20. exf5 gxf5 21. f4 e5 22. Qh5 Qf6 23. Rbe1 Qg6 24. Qxg6 hxg6 25. Rb1 b6 26. axb6 Rxb6 27. Rfe1 Rfb8 28. Ra1 Re8 29. Ra5 Kh7 30. Bf3 Re7 31. Kg2 Bh6 32. h4 Nf6 33. Ba8 Re8 34. Bd5 e4 35. Re2 e3 36. Be1 Reb8 37. Bf3 Ne8 38. h5 Nc7 39. hxg6+ Kxg6 40. Rb2 Ne6 41. Kf1 Bxf4 42. gxf4 Nxf4 43. Bg3 Nxd3 44. Rg2 Rxb4 45. Bh4+ Kf7 46. Rxf5+ Ke6 0-1


[Site "https://www.chess.com"]

[Event "Titled Tuesday Blitz March 29 Late 2022"]
[White "Martinez Reyes, Pedro Ramon"]
[Black "Prohorov, Olexandr"]
[WhiteFideId "3901807"]
[BlackFideId "14105578"]
[WhiteElo "2410"]
[BlackElo "1993"]
[Result "0-1"]
[Round "11"]
[TimeControl "180+1"]
[Date "2022.03.29"]
[WhiteClock "0:00:10"]
[BlackClock "0:00:08"]

1. g4 h5 2. g5 g6 3. h4 Bg7 4. Bg2 e5 5. c4 d6 6. Nc3 Ne7 7. d3 O-O 8. Qb3 Nd7 9. Bd2 Nc5 10. Qc2 a5 11. e3 Bf5 12. Ne4 Nc6 13. a3 Nxe4 14. dxe4 Be6 15. Ne2 a4 16. Qd3 Qd7 17. Nc3 Na5 18. Nd5 Nb3 19. Rd1 Rae8 20. Bb4 Bxd5 21. cxd5 f6 22. Bh3 Qd8 23. Rg1 fxg5 24. Rxg5 Kh7 25. Qf1 Bh6 26. Rg3 Qxh4 27. Qg2 Rf6 28. Ke2 Ref8 29. f3 R6f7 30. Be6 Rg7 31. Rh1 Qf6 32. Kd1 c5 33. Be1 Bxe3 34. Rgh3 Bh6 35. Bg3 b5 36. Bh2 b4 37. axb4 cxb4 38. Kc2 Rc7+ 39. Kb1 a3 40. Bf5 gxf5 41. Rxh5 axb2 42. Kxb2 Nd4 43. Bg1 Rc2+ 44. Qxc2 Nxc2 45. Kxc2 Rc8+ 46. Kb3 fxe4 47. Be3 Rc3+ 48. Kxb4 Rxe3 49. fxe4 Rxe4+ 50. Kb5 Qg6 51. Kc6 Rd4 52. R5h3 e4 53. Rb1 Qf5 54. Rb7+ Kg8 55. Rg3+ Kf8 56. Rb8+ Kf7 57. Rb7+ Kf6 58. Rd7 Qxd5+ 59. Kc7 Qc5+ 60. Kd8 Rd5 61. Rg8 Qb6+ 62. Ke8 Qb8+ 63. Rd8 Re5+ 64. Kd7 Qb7+ 65. Kxd6 Re6+ 66. Kc5 Qc7+ 67. Kb5 Be3 68. Rgf8+ Ke5 69. Rd5+ Kxd5 70. Rf5+ Re5 71. Ka6 Qb6# 0-1


[Site "https://www.chess.com"]

[Event "Titled Tuesday Blitz March 29 Late 2022"]
[White "Moral Garcia, Serafin"]
[Black "Fishbein, Alexander"]
[WhiteFideId "2201925"]
[BlackFideId "2000377"]
[WhiteElo "2228"]
[BlackElo "2442"]
[Result "0-1"]
[Round "11"]
[TimeControl "180+1"]
[Date "2022.03.29"]
[WhiteClock "0:02:19"]
[BlackClock "0:02:11"]

1. e4 c5 2. Nf3 d6 3. d4 cxd4 4. Nxd4 Nf6 5. Nc3 Nc6 6. Bg5 e6 7. Qd2 Be7 8. f3 O-O 9. O-O-O Nxd4 10. Qxd4 a6 11. Kb1 b5 12. g4 Bb7 13. Be3 Nd7 14. Qd2 Ne5 15. Qf2 Rc8 16. Ne2 Nxg4 17. Qg1 Nxe3 18. Qxe3 Qc7 19. c3 Qc5 20. Qd2 Bg5 21. Qc2 b4 22. h4 Bf6 23. b3 Bxc3 0-1


[Site "https://www.chess.com"]

[Event "Titled Tuesday Blitz March 29 Late 2022"]
[White "Nazaretyan, Tigran"]
[Black "Lehtosaari, Mauri"]
[WhiteFideId "24162345"]
[BlackFideId "501999"]
[WhiteElo "2219"]
[BlackElo "2499"]
[Result "0-1"]
[Round "11"]
[TimeControl "180+1"]
[Date "2022.03.29"]
[WhiteClock "0:00:06"]
[BlackClock "0:00:09"]

1. d4 d5 2. c4 c6 3. Nf3 Nf6 4. Nc3 dxc4 5. a4 Bf5 6. e3 e6 7. Bxc4 Bb4 8. O-O O-O 9. Qe2 Bg6 10. Ne5 Nbd7 11. Nxg6 hxg6 12. Rd1 Qa5 13. Bd2 e5 14. dxe5 Nxe5 15. Bb3 Rad8 16. Be1 Ned7 17. h3 Nc5 18. Bc2 Rfe8 19. Qc4 Kf8 20. Nb5 Bxe1 21. Qxc5+ Kg8 22. Rxe1 cxb5 23. axb5 Qb6 24. Qxb6 axb6 25. Red1 Kf8 26. Bb3 Ne4 27. Bd5 Nc5 28. b4 Re5 29. bxc5 Rexd5 30. Rxd5 Rxd5 31. c6 bxc6 32. bxc6 Rc5 33. Ra8+ Ke7 34. Rc8 b5 35. g4 Kd6 36. Rf8 Ke7 37. Rb8 Rxc6 38. Rxb5 Rc7 39. Kg2 f6 40. h4 Kf7 41. Rb8 Ra7 42. Kf3 Rc7 43. Ke4 Re7+ 44. Kd5 Ra7 45. f3 Ra3 46. Ke4 Ra4+ 47. Kd3 Ra3+ 48. Ke2 Ra2+ 49. Kf1 Ra3 50. Kf2 Ra2+ 51. Kg3 Ra3 52. Kf4 Ra4+ 53. e4 Ra7 54. g5 Rc7 55. Rb6 Ra7 56. Kg4 Rc7 57. f4 Ra7 58. gxf6 gxf6 59. h5 gxh5+ 60. Kxh5 Re7 61. Rb4 Ke6 62. Kg4 Rg7+ 63. Kf3 Ra7 64. f5+ Kf7 65. Kf4 Rc7 66. Rb8 Ra7 67. Rh8 Kg7 68. Rd8 Kf7 69. Rc8 Rb7 70. Ke3 Ra7 71. Kd4 Rd7+ 72. Kc5 Re7 73. Kd5 Re5+ 74. Kd4 Re7 75. Rd8 Ra7 76. Rc8 Rd7+ 77. Kc5 Re7 78. Kd5 Re5+ 79. Kd4 Re7 80. Ke3 Ra7 81. Kf4 Rb7 82. Rc6 Ra7 83. e5 Ra4+ 84. Ke3 fxe5 85. Re6 e4 86. Kf4 e3+ 87. Kg5 Ra3 88. Kf4 Ra4+ 89. Kg5 Ra3 90. Rb6 Ra7 91. Re6 Re7 92. Rf6+ Ke8 93. Ra6 e2 94. Kf6 e1=Q 95. Ra8+ Kd7 96. Ra7+ Kd6 97. Ra6+ Kd5 98. Re6 Rxe6+ 99. fxe6 Qxe6+ 100. Kg7 Qe5+ 101. Kf7 Kd6 102. Kf8 Qe6 103. Kg7 Qe7+ 104. Kg6 Qf8 105. Kg5 Ke5 106. Kg6 Qg8+ 107. Kh6 Kf5 0-1


[Site "https://www.chess.com"]

[Event "Titled Tuesday Blitz March 29 Late 2022"]
[White "Needleman, Alejandro"]
[Black "Buchenau, Frank"]
[WhiteFideId "100730"]
[BlackFideId "4604350"]
[WhiteElo "2270"]
[BlackElo "2193"]
[Result "1-0"]
[Round "11"]
[TimeControl "180+1"]
[Date "2022.03.30"]
[WhiteClock "0:01:30"]
[BlackClock "0:01:17"]

1. e4 e6 2. d4 d5 3. exd5 exd5 4. Nf3 Bf5 5. Bd3 Bxd3 6. Qxd3 Nc6 7. O-O Bd6 8. Bg5 f6 9. Re1+ Nge7 10. Bh4 Qd7 11. c3 O-O 12. Nbd2 Nf5 13. Bg3 Bxg3 14. hxg3 Rae8 15. Rxe8 Rxe8 16. Re1 Rxe1+ 17. Nxe1 Nd6 18. b3 Qf5 19. Qxf5 Nxf5 20. Kf1 h5 21. Ke2 Kf7 22. Nc2 g5 23. Ne3 Nce7 24. Nxf5 Nxf5 25. a4 Ke6 26. Nf3 b6 27. Kd3 c5 28. dxc5 bxc5 29. b4 Kd6 30. b5 c4+ 31. Kd2 Kc5 32. Ne1 Nd6 33. f3 Nf5 34. g4 hxg4 35. fxg4 Nh6 36. Nc2 Nxg4 37. Nd4 Ne5 38. a5 Nf7 39. b6 axb6 40. a6 1-0


[Site "https://www.chess.com"]